 Dungeon Crawl Stone Soup version 0.31.0-9-g3a7656b989 (webtiles) character file.

Game seed: 10573748562131065912

4509 qw the Nimble (level 10, -9/47 (49) HPs)
             Began as a Spriggan Hunter on Feb 2, 2024.
             Was a Priest of Okawaru.
             Mangled by a wight
             ... wielding a +3 halberd
              (12 damage)
             ... on level 8 of the Dungeon.
             The game lasted 00:00:35 (5884 turns).

qw the Nimble (Spriggan Hunter)                     Turns: 5884, Time: 00:00:36

HP:   -9/47 (49)    AC:  4    Str: 13    XL:     10   Next: 16%
MP:   14/14         EV: 29    Int: 10    God:    Okawaru [***...]
Gold: 364           SH:  0    Dex: 24    Spells: 9/9 levels left

rFire   + . .        b - +0 orcbow
rCold   . . .        (shield currently unavailable)
rNeg    . . .        j - +2 robe
rPois   +            (helmet restricted)
rElec   .            m - scarf {repulsion}
rCorr   .            (gloves unavailable)
SInv    +            (boots unavailable)
Will    +....        (no amulet)
Stlth   ++           f - ring of Ikiev {rPois rF+ Slay+4}
HPRegen 0.27/turn    l - +6 ring of strength
MPRegen 0.14/turn

%: repel missiles
@: lightly drained, very quick
A: very small, no large weapons, unfitting armour, see invisible, speed 3
a: Renounce Religion, Heroism


You were on level 8 of the Dungeon.
You worshipped Okawaru.
Okawaru was most pleased with you.
You visited 2 branches of the dungeon, and saw 9 of its levels.
You also visited: Sewer.

You collected 364 gold pieces.


Innate Abilities, Weirdness & Mutations

You are very small and have problems with some larger weapons.
You are too small for most types of armour.
You have supernaturally acute eyesight. (SInv)
You cover ground extremely quickly. (Speed+++)


   Skills:
 - Level 4.0 Fighting
 - Level 11.0 Ranged Weapons
 + Level 11.9 Dodging
 - Level 1.5 Stealth
 - Level 4.0 Invocations


You had 9 spell levels left.
You didn't know any spells.
Your spell library was empty.

Inventory:

Hand Weapons
 b - a +0 orcbow (weapon)
Armour
 d - a +2 cloak
 j - a +2 robe (worn)
 m - a scarf of repulsion (worn)
Jewellery
 f - the ring of Ikiev (left hand) {rPois rF+ Slay+4}
   (You found it on level 3 of the Dungeon)

   [ring of slaying]

   Slay+4:    It affects your accuracy & damage with ranged weapons and melee
   (+4).
   rF+:       It protects you from fire.
   rPois:     It protects you from poison
 l - a +6 ring of strength (right hand)
Wands
 i - a wand of roots (6)
Potions
 c - a potion of curing
 e - a potion of cancellation
 h - 2 potions of enlightenment
 k - a potion of haste
 n - a potion of might

Dungeon Overview and Level Annotations

Branches:
Dungeon (8/15)             Temple (1/1) D:5           Sewer (visited)
   Lair: D:8-11

Altars:
Ashenzari
Cheibriados
Dithmenos
Elyvilon
Fedhas
Gozag
Hepliaklqana
Kikubaaqudgha
Makhleb
Nemelex Xobeh
Okawaru
Ru
Trog
Uskayaw
Vehumet
Wu Jian
Xom
Yredelemnul
The Shining One

Shops:
D:1 :   D:8 *

Annotations:
D:3 1 runed translucent door, qw's ghost, amateur DEHu
D:6 2 runed translucent doors


Message History

The orc warrior unwields a +2 arbalest of draining.
The orc warrior wields a +0 war axe.
The orc warrior completely misses you.
You shoot an arrow.
The arrow barely misses the orc warrior.
The arrow hits the wight!
The wight is severely damaged.
Your surroundings seem slightly different.
You shoot an arrow.
The arrow hits the orc warrior but does no damage.
The orc warrior is almost dead.
The orc warrior unwields a +0 war axe.
The orc warrior wields a +2 arbalest of draining.
You sense an unholy aura.
The orc warrior shoots a bolt.
The bolt hits you but does no damage.
You feel drained.
You shoot an arrow. The arrow hits the orc warrior!
You kill the orc warrior!
Okawaru accepts your kill.
You shoot an arrow. The arrow hits the wight!
The wight is almost destroyed.
A howler monkey comes into view.
The wight misses you.
You shoot an arrow. The arrow barely misses the wight.
The wight closely misses you. The wight completely misses you.
You shoot an arrow.
The arrow hits the wight but does no damage.
The wight is almost destroyed.
The howler monkey hoots and howls with incredible vigour!
The wight closely misses you. The wight misses you.
You hear a howl!
You hear an angry growl.
You hear a shout!
You hear a howl!
You hear a shout!
You hear a screech!
You shoot an arrow.
The arrow barely misses the howler monkey.
The arrow hits the wight.
You destroy the wight!
Okawaru accepts your kill. The wight misses you. The howler monkey hits you.
You shoot an arrow. The arrow hits the howler monkey!
The howler monkey is almost dead.
The wight hits you from afar with a +3 halberd!
You die...

..... ### ....####.
##.###...#....
##..##........!
.......)..)....
#......).......
###............
#####....##<.......
.......@..#........
.###...h....#......
##.z)....#......
#...)...h.......
.......$##........
......))...#!.....
..\.........##.....
........))... #...
.......)...) ...


You could see 2 howler monkeys and a wight.

Vanquished Creatures
  Pikel (D:5)
  Sigmund (D:5)
  A wyvern (D:7)
  Menkaure (D:6)
  3 water moccasins (D:7)
  A sky beast (D:7)
  A black bear (D:6)
  2 orc warriors (D:8)
  2 ice beasts
  2 centaurs
  2 lemures (D:5)
  2 phantoms
  2 kobold brigands (D:7)
  5 bullfrogs
  5 scorpions
  7 wights
  4 howler monkeys
  2 hounds (D:5)
  9 orc priests
  4 bombardier beetles
  3 jellies
  A gnoll bouda (D:7)
  An iguana (D:4)
  A sleepcap (D:5)
  7 orc wizards
  A statue (D:6)
  8 gnolls
  9 adders
  2 shadow imps
  A white imp (D:8)
  3 ribbon worms
  13 dart slugs
  20 orcs
  20 endoplasms
  20 giant cockroaches
  9 goblins
  10 hobgoblins
  5 jackals
  7 quokkas
  11 ball pythons
  6 bats
  10 frilled lizards
  20 kobolds
  7 rats
252 creatures vanquished.

Notes
Turn   | Place    | Note
-------+----------+-------------------------------------------
     0 | D:1      | qw the Spriggan Hunter began the quest for the Orb.
     0 | D:1      | Reached XP level 1. HP: 10/10 MP: 2/2
     0 | D:1      | 0 ||| qw: Version: 0.3-a-155-g5e7d8dd
     0 | D:1      | 0 ||| qw: Game counter: 1506
     0 | D:1      | 0 ||| qw: Melee chars always use a shield: true
     0 | D:1      | 0 ||| qw: God list: Okawaru
     0 | D:1      | 0 ||| qw: Allow faded altars: false
     0 | D:1      | 0 ||| qw: Do Orc after clearing Dungeon:15 true
     0 | D:1      | 0 ||| qw: Do second Lair branch before Depths: true
     0 | D:1      | 0 ||| qw: Lair rune preference: random
     0 | D:1      | 0 ||| qw: Goals: Normal
     0 | D:1      | 0 ||| PLANNING D:1-11
    27 | D:1      | Reached skill level 3 in Dodging
    61 | D:1      | Found Yseych's Book Shop.
   261 | D:1      | Reached XP level 2. HP: 14/14 MP: 3/3
   796 | D:1      | 796 ||| DROPPING scarf of harm.
   797 | D:1      | 797 ||| DROPPING amulet of magic regeneration.
   798 | D:1      | 798 ||| READING scroll labelled NUENLI EHON.
   798 | D:1      | 798 ||| ENCHANTING +0 shortbow.
   799 | D:1      | 799 ||| READING 5 scrolls labelled XOBAIPROZA.
   799 | D:1      | 799 ||| IDENTIFYING brown potion
   800 | D:1      | 800 ||| READING 4 scrolls of identify.
   800 | D:1      | 800 ||| IDENTIFYING 2 orange potions
   801 | D:1      | 801 ||| READING 3 scrolls of identify.
   801 | D:1      | 801 ||| IDENTIFYING scroll labelled UGUANK HITHRUDU
   802 | D:1      | 802 ||| READING scroll of enchant weapon.
   802 | D:1      | 802 ||| ENCHANTING +0 shortbow.
   803 | D:1      | 803 ||| READING 2 scrolls of identify.
   803 | D:1      | 803 ||| IDENTIFYING scroll labelled PESCHY SEIZYUF
   804 | D:1      | 804 ||| READING scroll of identify.
   804 | D:1      | 804 ||| IDENTIFYING scroll labelled IBBOSO VOUSAOPH
   805 | D:1      | 805 ||| DROPPING scroll of butterflies.
   806 | D:1      | 806 ||| DROPPING potion of brilliance.
   807 | D:1      | 807 ||| DROPPING scroll of blinking.
   808 | D:1      | 808 ||| DROPPING 2 potions of attraction.
   901 | D:2      | Reached XP level 3. HP: 18/18 MP: 4/4
   933 | D:2      | HP: 4/18 [ribbon worm (1)]
   934 | D:2      | 934 ||| READING scroll of teleportation.
  1016 | D:2      | 1016 ||| FLEEEEING.
  1021 | D:2      | 1021 ||| FLEEEEING.
  1022 | D:2      | 1022 ||| FLEEEEING.
  1023 | D:2      | 1023 ||| FLEEEEING.
  1024 | D:2      | 1024 ||| FLEEEEING.
  1025 | D:2      | 1025 ||| FLEEEEING.
  1026 | D:2      | 1026 ||| FLEEEEING.
  1027 | D:2      | 1027 ||| FLEEEEING.
  1028 | D:2      | 1028 ||| FLEEEEING.
  1029 | D:2      | 1029 ||| FLEEEEING.
  1030 | D:2      | 1030 ||| FLEEEEING.
  1031 | D:2      | 1031 ||| FLEEEEING.
  1199 | D:2      | Reached XP level 4. HP: 22/22 MP: 5/5
  1470 | D:2      | 1470 ||| UPGRADING to +2 cloak.
  1475 | D:2      | 1475 ||| READING scroll of identify.
  1475 | D:2      | 1475 ||| IDENTIFYING dark potion
  1476 | D:2      | 1476 ||| READING scroll labelled KIAXKU SOEPE.
  1494 | D:3      | 1494 ||| STAIRDANCE
  1520 | D:3      | Found a sparkling altar of Nemelex Xobeh.
  1549 | D:3      | Identified the ring of Ikiev {rPois rF+ Slay+4}
  1668 | D:3      | Found a sacrificial altar of Ru.
  1755 | D:3      | Found a runed translucent door.
  1893 | D:3      | Reached XP level 5. HP: 26/26 MP: 6/6
  1956 | D:3      | Found a faded altar of an unknown god.
  2025 | D:3      | Noticed qw's ghost (amateur DEHu)
  2140 | D:3      | 2140 ||| UPGRADING to ring of Ikiev {rPois rF+ Slay+4}.
  2141 | D:3      | 2141 ||| READING scroll of identify.
  2141 | D:3      | 2141 ||| IDENTIFYING lumpy green potion
  2142 | D:3      | 2142 ||| READING scroll labelled CAOWKOIDYUL.
  2143 | D:3      | 2143 ||| READING scroll labelled BILUYCV CAIST.
  2143 | D:3      | 2143 ||| BRANDING +1 shortbow.
  2144 | D:3      | 2144 ||| READING scroll labelled OHYCWU WIENEW.
  2245 | D:3      | 2245 ||| DROPPING potion of lignification.
  2268 | D:4      | 2268 ||| PLANNING SEWER
  2292 | D:4      | Reached skill level 6 in Ranged Weapons
  2292 | D:4      | Reached XP level 6. HP: 30/30 MP: 7/7
  2330 | D:4      | Found a glowing drain.
  2332 | D:4      | 2332 ||| READING scroll labelled JATE EC GELUK.
  2351 | Sewer    | Entered a sewer
  2434 | Sewer    | Reached skill level 6 in Dodging
  2595 | Sewer    | 2595 ||| RETREEEEATING.
  2596 | Sewer    | 2596 ||| RETREEEEATING.
  2609 | Sewer    | Reached XP level 7. HP: 10/35 MP: 8/8
  2722 | Sewer    | 2722 ||| READING scroll of identify.
  2722 | Sewer    | 2722 ||| IDENTIFYING yellow potion
  2723 | Sewer    | 2723 ||| DRINKING 2 clear potions.
  2738 | D:4      | 2738 ||| PLANNING D:1-11
  3159 | D:4      | 3159 ||| UPGRADING to +6 ring of strength.
  3160 | D:4      | 3160 ||| READING 2 scrolls labelled MUETSE OSIOSSOE.
  3161 | D:4      | 3161 ||| READING scroll labelled SAARIAQ SUCEUS.
  3262 | D:4      | 3262 ||| DROPPING scroll of fog.
  3268 | D:5      | Entered Level 5 of the Dungeon
  3272 | D:5      | Noticed Pikel
  3273 | D:5      | 3273 ||| RETREEEEATING.
  3275 | D:5      | 3275 ||| RETREEEEATING.
  3298 | D:5      | HP: 7/35 [Pikel/+2 whip of flaming (9)]
  3299 | D:5      | 3299 ||| READING scroll of teleportation.
  3300 | D:5      | 3300 ||| DRINKING potion of heal wounds.
  3301 | D:5      | Killed Pikel
  3302 | D:5      | Reached XP level 8. HP: 27/39 MP: 9/9
  3415 | D:5      | 3415 ||| READING scroll of brand weapon.
  3415 | D:5      | 3415 ||| BRANDING +1 shortbow of freezing.
  3475 | D:5      | Noticed Sigmund
  3487 | D:5      | Killed Sigmund
  3488 | D:5      | Reached skill level 3 in Fighting
  3528 | D:5      | Found a staircase to the Ecumenical Temple.
  3529 | D:5      | 3529 ||| PLANNING TEMPLE
  3529 | D:5      | 3529 ||| UPGRADING to +2 robe.
  3539 | D:5      | 3539 ||| DROPPING +0 robe.
  3540 | D:5      | 3540 ||| READING scroll of identify.
  3540 | D:5      | 3540 ||| IDENTIFYING fizzy grey potion
  3541 | D:5      | 3541 ||| READING scroll labelled SELUKO ONOIB.
  3550 | Temple   | Entered the Ecumenical Temple
  3551 | Temple   | 3551 ||| PLANNING OKAWARU WORSHIP
  3564 | Temple   | Became a worshipper of Warmaster Okawaru
  3565 | Temple   | 3565 ||| PLANNING D:1-11
  3663 | D:5      | Reached skill level 9 in Ranged Weapons
  3735 | D:5      | 3735 ||| READING scroll labelled ACEAKKY JOROPA.
  3770 | D:5      | Reached skill level 9 in Dodging
  4121 | D:6      | 4121 ||| STAIRDANCE
  4156 | D:6      | 4156 ||| SWAPPING to +0 orcbow.
  4157 | D:6      | 4157 ||| DROPPING +1 shortbow of chaos.
  4278 | D:6      | Reached XP level 9. HP: 44/44 MP: 10/10
  4327 | D:6      | Reached * piety under Okawaru
  4380 | D:6      | Found a radiant altar of Vehumet.
  4415 | D:6      | Reached skill level 1 in Invocations
  4752 | D:6      | Noticed Menkaure
  4756 | D:6      | Killed Menkaure
  4757 | D:6      | Reached skill level 3 in Invocations
  4757 | D:6      | Found a runed translucent door.
  4759 | D:6      | Found a runed translucent door.
  5149 | D:7      | Reached ** piety under Okawaru
  5630 | D:7      | 5630 ||| UPGRADING to scarf of repulsion.
  5640 | D:7      | 5640 ||| READING 2 scrolls of identify.
  5640 | D:7      | 5640 ||| IDENTIFYING emerald potion
  5641 | D:7      | 5641 ||| READING scroll of identify.
  5641 | D:7      | 5641 ||| IDENTIFYING fizzy green potion
  5661 | D:8      | 5661 ||| STAIRDANCE
  5666 | D:8      | 5666 ||| STAIRDANCE
  5671 | D:8      | 5671 ||| STAIRDANCE
  5709 | D:8      | Reached XP level 10. HP: 33/49 MP: 14/14
  5711 | D:8      | 5711 ||| STAIRDANCE
  5813 | D:8      | 5813 ||| STAIRDANCE
  5829 | D:8      | Found Zin's Purification Station.
  5842 | D:8      | Reached *** piety under Okawaru
  5874 | D:8      | HP: 8/48 [wight/+3 halberd (11)]
  5875 | D:8      | 5875 ||| READING scroll of teleportation.
  5883 | D:8      | HP: 3/46 [howler monkey (5)]
  5884 | D:8      | Mangled by a wight

Levels and vault maps discovered:
D:1:      psy_arrival_radial01, layout_loops_ring, serial_shops,
          nicolae_diamond_shop, grunt_decor_junction
D:2:      layout_basic, minmay_vboxes
D:3:      layout_basic, nemelex_spade_bored_becter,
          nicolae_ru_great_annihilating_truth, ebering_ghost_reflecting_pool,
          hellmonk_ecumenical_altar_arch_garden, chequers_serial_rivers_small_b
D:4:      layout_basic, portal_sewer_entry_f
D:5:      layout_basic, minmay_temple_entry_mist, uniq_sigmund, uniq_pikel
D:6:      lemuel_insect_pit, layout_loops_ring, vehumet_statue,
          grunt_ministairs_13, serial_park_tiny_pond, uniq_menkaure
D:7:      layout_cave_pools, nicolae_nh_ransacked_shop
D:8:      layout_cave_pools, tgw_sif, nicolae_qazlal_scattered_showers,
          zin_purify, enter_bailey_7, uniq_amaemon, uniq_grum
Temple:   nicolae_temple_slightly_damp_pantheon

Skill      XL: |  1  2  3  4  5  6  7  8  9 10 |
---------------+-------------------------------+-----
Dodging        | 3 4 5 6 7 9 11 | 11.9
Ranged Weapons | 5 6 7 8 10 11 | 11.0
Fighting       | 2 3 4 |  4.0
Invocations    | 4 |  4.0
Stealth        | |  1.5

Action                     |  1- 3 |  4- 6 |  7- 9 | 10-12 || total
---------------------------+-------+-------+-------+-------++-------
   Fire: Shortbow          |   107 |   216 |   125 |       ||   448
         Orcbow            |       |       |   178 |    72 ||   250
    Use: Scroll            |     8 |     7 |    10 |     1 ||    26
         Potion            |       |       |     2 |       ||     2
 Armour: Robe              |    13 |    22 |    23 |    12 ||    70
  Dodge: Dodged            |    34 |    83 |    89 |    69 ||   275
         Repelled          |       |       |       |     2 ||     2

Table legend:
 A = Non-vault XP
 B = Vault XP
 C = Vault XP percentage of total XP
 D = Non-vault monster count
 E = Vault monster count
 F = Vault count percentage of total count
                 A         B        C        D         E       F
            +---------+---------+-------+---------+---------+-------
      Total |    4753 |    1689 |  26.2 |     172 |      78 |  31.2
            +---------+---------+-------+---------+---------+-------
        D:1 |      34 |       0 |   0.0 |      22 |       0 |   0.0
        D:2 |      60 |      22 |  26.8 |      24 |       5 |  17.2
        D:3 |      95 |      52 |  35.4 |      15 |       4 |  21.1
        D:4 |     331 |      12 |   3.5 |      21 |       6 |  22.2
        D:5 |     603 |     880 |  59.3 |      21 |       3 |  12.5
        D:6 |    1093 |     325 |  22.9 |      18 |       3 |  14.3
        D:7 |    1611 |      52 |   3.1 |      29 |       4 |  12.1
        D:8 |     926 |       0 |   0.0 |      22 |       0 |   0.0
      Sewer |       0 |     346 | 100.0 |       0 |      53 | 100.0
            +---------+---------+-------+---------+---------+-------
